 Dungeon Crawl Stone Soup version 0.30-a0-304-gdc4b735fe1 (webtiles) character file.

Game seed: 14895356799901086831

268 lonewolfV2 the Slasher (level 6, 0/53 HPs)
             Began as a Minotaur Fighter on Oct 20, 2022.
             Killed by divine providence
             ... invoked by an orc priest
              (13 damage)
             ... on level 3 of the Dungeon.
             The game lasted 00:04:25 (2294 turns).

lonewolfV2 the Slasher (Minotaur Fighter)           Turns: 2294, Time: 00:04:26

Health: 0/53       AC:  8    Str: 26    XL:     6   Next: 1%
Magic:  5/5        EV:  9    Int:  4    God:
Gold:   131        SH:  4    Dex:  9    Spells: 5/5 levels left

rFire   . . .      SeeInvis .    a - +1 long sword
rCold   . . .      Faith    .    c - +0 buckler
rNeg    . . .      Spirit   .    b - +1 scale mail
rPois   .          Reflect  .    (helmet restricted)
rElec   .          Harm     .    (no cloak)
rCorr   .          Rampage  .    (no gloves)
Will    .....                    (no boots)
Stlth   ..........               (no amulet)
HPRegen 0.28/turn                (no ring)
MPRegen 0.09/turn                (no ring)

@: no status effects
A: horns 2, retaliatory headbutt, strong 1
a: no special abilities


You were on level 3 of the Dungeon.
You visited 1 branch of the dungeon, and saw 3 of its levels.

You collected 131 gold pieces.

Inventory:

Hand Weapons
 a - a +1 long sword (weapon)
Armour
 b - a +1 scale mail (worn)
 c - a +0 buckler (worn)
Jewellery
 h - a +4 ring of slaying
Potions
 d - a potion of might
 e - 2 potions of curing
 f - a potion of berserk rage {unknown}
 g - a potion of lignification {unknown}
 i - 2 potions of mutation
 j - 4 potions of brilliance {unknown}


   Skills:
 + Level 4.4 Fighting
 + Level 5.3 Long Blades
 + Level 5.1 Armour
 + Level 0.9 Dodging
 + Level 4.5 Shields


You had 5 spell levels left.
You didn't know any spells.
Your spell library contained the following spells:

 Spells                   Type           Power      Damage    Failure   Level
 Dazzling Flash           Conj/Hex       0%         N/A       99%         3
 Iskenderun's Mystic Bla  Conj/Tloc      0%         2d3       100%        4
 Starburst                Conj/Fire      0%         6d3       100%        6


Dungeon Overview and Level Annotations

Branches:
Dungeon (3/15)

Altars:

Shops:
D:2 [(*

Annotations:
D:3 2 transporters, SprigganGuy's ghost, amateur FeSu


Innate Abilities, Weirdness & Mutations

You have a pair of horns on your head.
You reflexively headbutt those who attack you in melee.
Your muscles are strong. (Str +4, Int/Dex -1)


Message History

An orc comes into view. It is wielding a +0 short sword.
An orc priest comes into view. It is wielding a +0 dagger.
The orc shouts!
The orc priest casts a cantrip, but nothing happens.
You see here a +4 ring of slaying.
h - a +4 ring of slaying The orc priest invokes the aid of Beogh against you.
Pain shoots through your body!
The orc priest calls down the wrath of Beogh upon you.
Beogh smites you!
You hit something. Your headbutt misses something.
Something completely misses you.
The orc priest invokes the aid of Beogh against you.
Beogh smites you!
A sky beast appears from thin air!
Reactivating autopickup.
The sky beast barely misses you.
You closely miss the sky beast. Your headbutt misses the sky beast.
The sky beast is lightly wounded.
The sky beast hits you but does no damage.
The orc priest miscasts a cantrip.
You closely miss the sky beast.
The sky beast is lightly wounded.
The sky beast flickers out of sight!
Deactivating autopickup; reactivate with Ctrl-A.
Something hits you. Something shocks you.
The orc priest miscasts a cantrip.
You barely miss something. Something hits you. Something shocks you.
* * * LOW HITPOINT WARNING * * *
You barely miss something. Your headbutt misses something.
Something hits you but does no damage.
The orc priest begins to cast a cantrip, but forgets the words!
It was a potion of curing.
You feel better. Something hits you. Something shocks you.
* * * LOW HITPOINT WARNING * * *
It was a potion of mutation.
You feel extremely strange.
You feel stronger. Something hits you but does no damage.
The orc priest invokes the aid of Beogh against you.
Beogh smites you!
You die...

#.........# #.#####.###
#......... ## #.# #.#
#......... .######.### #.#
#......... ..........# #.#
#.......$. .#......[.# #.#
#..o...... .##.......# #.#
#......... ...)......#
#.######o........ ..##'##.###
#...@{goo........
..##.##.#####.######.........
.###....#...#................
.# #.####.#.#.#####.#########
.# #..###.#.#.....#. .#
#...##.#.#.###.### .#
#.#>##.#.......... .#
#.#..#.###.###.##.# ##
#.#..#............#


You could see 2 orc priests, an orc and a goblin.

Vanquished Creatures
  A phantom (D:3)
  2 jellies (D:2)
  An orc wizard (D:3)
  4 adders
  A worm (D:2)
  A dart slug (D:3)
  3 orcs (D:3)
  3 bats (D:2)
  13 endoplasms
  A giant cockroach (D:1)
  2 goblins
  6 hobgoblins
  3 quokkas
  2 ball pythons
  3 frilled lizards
  14 kobolds
  2 rats (D:2)
62 creatures vanquished.

Vanquished Creatures (others)
  5 fungi (D:2)
  4 toadstools (D:2)
9 creatures vanquished.

Grand Total: 71 creatures vanquished

Notes
Turn   | Place    | Note
-------+----------+-------------------------------------------
     0 | D:1      | lonewolfV2 the Minotaur Fighter began the quest for the
                  | Orb.
     0 | D:1      | Reached XP level 1. HP: 19/19 MP: 0/0
   147 | D:1      | Reached XP level 2. HP: 21/27 MP: 1/1
   244 | D:1      | You fall into a shaft and drop 1 floor!
   277 | D:2      | Found Pugootz's Weapon Boutique.
   313 | D:2      | Found a faded altar of an unknown god.
   392 | D:2      | Reached XP level 3. HP: 33/33 MP: 2/2
   682 | D:2      | Found Fepp's General Store.
   913 | D:2      | Found Fiogekhe's Antique Armour Emporium.
  1232 | D:2      | Reached XP level 4. HP: 36/40 MP: 3/3
  1280 | D:2      | Reached XP level 5. HP: 37/46 MP: 4/4
  1429 | D:3      | Found a transporter.
  1430 | D:3      | Noticed SprigganGuy's ghost (amateur FeSu)
  1432 | D:3      | Found a transporter.
  1433 | D:3      | Noticed an ogre
  1848 | D:3      | Noticed a phantom
  1864 | D:3      | Killed a phantom
  1865 | D:3      | Reached skill level 5 in Long Blades
  1865 | D:3      | Reached skill level 5 in Armour
  1877 | D:3      | Reached XP level 6. HP: 12/53 MP: 5/5
  2279 | D:3      | Noticed a sky beast
  2294 | D:3      | Gained mutation: Your muscles are strong. (Str +4, Int/Dex
                  | -1) [potion of mutation]
  2294 | D:3      | Killed from afar by an orc priest

Illustrated notes

Levels and vault maps discovered:
D:1:      lemuel_arrival_lava_pool, layout_basic, columned_hall_lemuel
D:2:      cheibrodos_fertilizer, layout_loops_ring,
          hellmonk_ecumenical_altar_arch_garden, serial_shops,
          nicolae_shop_trees, nicolae_square_shop, shop,
          kennysheep_generic_room_7
D:3:      layout_basic, gammafunk_ghost_arena

Skill      XL: |  1  2  3  4  5 |
---------------+----------------+-----
Fighting       | 4 |  4.4
Armour         | 4 5 |  5.1
Shields        | 4 |  4.5
Long Blades    | 3 4 5 |  5.3
Dodging        | |  0.9

Action                   |  1- 3 |  4- 6 || total
-------------------------+-------+-------++-------
Melee: Long sword        |    96 |    69 ||   165
       Headbutt          |     9 |    11 ||    20
  Use: Scroll            |       |     5 ||     5
       Potion            |       |     2 ||     2
Armor: Scale mail        |    61 |    53 ||   114
Dodge: Dodged            |    51 |    40 ||    91
Block: Buckler           |    24 |    23 ||    47

Table legend: (Time is in decaauts)
 A = Elapsed time spent in this place.
 B = Non-inter-level travel time spent in this place.
 C = Inter-level travel time spent in this place.
 D = Time resting spent in this place.
 E = Time spent auto-exploring this place.
 F = Levels seen in this place.
 G = Mean time per level.
                   A        B        C        D        E       F      G
               +--------+--------+--------+--------+--------+-----+--------+
         Total |   2336 |   2304 |     32 |    345 |   1433 |   3 |  778.7 |
       Dungeon |   2336 |   2304 |     32 |    345 |   1433 |   3 |  778.7 |
               +--------+--------+--------+--------+--------+-----+--------+

Top non-repeatable levels by time:
     D:2: 1177 daAuts
     D:3: 907 daAuts
     D:1: 251 daAuts
